 Dungeon Crawl Stone Soup version 0.28-a0-1624-g820543e53a (webtiles) character file.

Game seed: 11998953163990861226

212 Shayle the Skirmisher (level 5, -2/43 HPs)
             Began as a Demonspawn Wanderer on Jan 24, 2022.
             Was an Initiate of Hepliaklqana.
             Slain by a gnoll (4 damage)
             ... on level 2 of the Dungeon.
             The game lasted 00:09:16 (2182 turns).

Shayle the Skirmisher (Demonspawn Wanderer)         Turns: 2182, Time: 00:09:17

Health: -2/43      AC:  5    Str:  8    XL:     5   Next: 58%
Magic:  7/7        EV: 12    Int: 12    God:    Hepliaklqana [......]
Gold:   59         SH:  0    Dex: 20    Spells: 4/4 levels left

rFire   . . .      SeeInvis .   a - +1 falchion
rCold   . . .      Faith    .   (no shield)
rNeg    . . .      Spirit   .   c - +0 leather armour
rPois   .          Reflect  .   (no helmet)
rElec   .          Harm     .   m - +1 cloak
rCorr   .          Rampage  .   (no gloves)
Will    .....                   (no boots)
Stlth   +.........              (no amulet)
HPRegen 0.14/turn               (no ring)
MPRegen 0.20/turn               (no ring)

@: no status effects
A: powered by pain 1, magic regeneration
a: Renounce Religion


You were on level 2 of the Dungeon.
You worshipped Hepliaklqana.
Hepliaklqana was noncommittal.
You visited 1 branch of the dungeon, and saw 4 of its levels.

You collected 59 gold pieces.

Inventory:

Hand Weapons
 a - a +1 falchion (weapon)
 l - a +0 dagger of venom
Missiles
 b - a throwing net (quivered)
Armour
 c - a +0 leather armour (worn)
 m - a +1 cloak (worn)
Jewellery
 k - a ring of protection from fire
Wands
 i - a wand of digging (3)
Scrolls
 n - a scroll of enchant weapon {unknown}
 o - 3 scrolls of immolation
 p - a scroll of teleportation {unknown}
Potions
 d - a potion of berserk rage {unknown}
 e - a potion of flight {unknown}
 f - a potion of invisibility {unknown}
 g - 2 potions of haste
 h - a potion of lignification


   Skills:
 + Level 4.6 Fighting
 + Level 3.5 Long Blades
 + Level 2.8 Dodging
 * Level 2.9 Invocations
 + Level 2.5 Evocations


You had 4 spell levels left.
You didn't know any spells.
Your spell library contained the following spells:

 Spells                   Type           Power      Damage    Failure   Level
 Blink                    Tloc           0%         N/A       58%         2
 Sublimation of Blood     Necr           0%         N/A       58%         2
 Petrify                  Tmut/Erth      0%         N/A       99%         4
 Irradiate                Conj/Tmut      0%         3d13      100%        5
 Manifold Assault         Tloc           0%         N/A       100%        5
 Storm Form               Tmut/Air       0%         N/A       100%        7


Dungeon Overview and Level Annotations

Branches:
Dungeon (4/15)
 Temple: D:4-7

Altars:
Hepliaklqana

Annotations:
D:2 Robin


Innate Abilities, Weirdness & Mutations

You sometimes gain a little power by taking damage.
You regenerate magic rapidly.


Message History

The gnoll is moderately wounded.
The gnoll closely misses you. The gnoll hits you but does no damage.
You hit the gnoll.
The gnoll is severely wounded.
The gnoll barely misses you. The gnoll hits you with a +0 whip!
You hit the gnoll but do no damage.
The gnoll is severely wounded.
The gnoll hits you with a +0 flail!
* * * LOW HITPOINT WARNING * * *
The gnoll hits you but does no damage.
Throw: 2 throwing nets
Press: ? - help, Q - select action Shift-Dir - straight line, f - gnoll
Aim: a gnoll, wielding a +0 flail (68% to hit)
You throw a throwing net. The throwing net hits the gnoll.
The gnoll is caught in the net!
The gnoll struggles against the net.
The gnoll barely misses you.
You hit the gnoll.
The gnoll is almost dead.
The gnoll struggles against the net.
The gnoll hits you with a +0 whip.
* * * LOW HITPOINT WARNING * * *
You hit the gnoll.
You kill the gnoll!
The gnoll struggles against the net.
A goblin comes into view. It is wielding a +0 club.
The goblin shouts!
You hit the gnoll.
The gnoll is moderately wounded.
You hear a shout!
The gnoll struggles against the net.
You hear a shout!
You hit the gnoll.
The gnoll is heavily wounded.
The gnoll struggles against the net.
The net rips apart, and the gnoll comes free!
The gnoll hits you with a +0 flail.
* * * LOW HITPOINT WARNING * * *
Okay, then.
It was a potion of cancellation.
You feel magically purged. The gnoll hits you with a +0 flail.
You die...

#.# #.# #.# #.#
#####.#
#.###.#####.#
......#
#...........#
#######
#####.####### ...
#.# ### #.# #.#
#.########
#..g@g...#
########[# #.#
##.###########
#...........<#
#..#########.#
#..g..# #.#
############.###.#
#.# ........<>...#
# #.#


You could see a gnoll and a goblin.

Vanquished Creatures
  Sigmund (D:2)
  A gnoll (D:2)
  A worm (D:3)
  4 dart slugs
  A ball python (D:1)
  3 bats
  6 endoplasms (D:1)
  2 giant cockroaches (D:1)
  8 goblins
  6 hobgoblins
  A quokka (D:2)
  A frilled lizard (D:3)
  2 kobolds
  3 rats
40 creatures vanquished.

Notes
Turn   | Place    | Note
-------+----------+-------------------------------------------
     0 | D:1      | Shayle the Demonspawn Wanderer began the quest for the Orb.
     0 | D:1      | Shayle set off with the following items: a +1 falchion, 4
                  | throwing nets, a +0 leather armour
     0 | D:1      | Reached XP level 1. HP: 19/19 MP: 1/1
   116 | D:1      | Gained mutation: You regenerate magic rapidly. [demonic
                  | ancestry]
   116 | D:1      | Reached XP level 2. HP: 17/25 MP: 2/2
   769 | D:2      | Reached XP level 3. HP: 27/30 MP: 3/3
  1066 | D:2      | Noticed Sigmund
  1172 | D:2      | Noticed Robin
  1722 | D:4      | Found a hazy altar of Hepliaklqana.
  1739 | D:4      | Became a worshipper of Hepliaklqana the Forgotten
  1902 | D:3      | Found a faded altar of an unknown god.
  1947 | D:2      | Killed Sigmund
  1948 | D:2      | Reached XP level 4. HP: 14/38 MP: 3/6
  1948 | D:2      | Gained mutation: You sometimes gain a little power by
                  | taking damage. [demonic ancestry]
  1948 | D:2      | Reached XP level 5. HP: 16/43 MP: 3/7
  2181 | D:2      | HP: 2/43 [gnoll (4)]
  2182 | D:2      | Slain by a gnoll

Illustrated notes

Levels and vault maps discovered:
D:1:      shiori_arrival_oz, layout_rooms, minmay_indecisive_spiral
D:2:      layout_loops_ring, uniq_sigmund, uniq_robin
D:3:      layout_loops_ring, shapermc_ecumenical_altar_pompeii
D:4:      layout_loops_ring, mainiacjoe_overflow_paths

Skill      XL: |  1  2  3 |
---------------+----------+-----
Dodging        | 2 |  2.8
Long Blades    | 3 |  3.5
Evocations     | 2 |  2.5
Invocations    | 2 |  2.9
Fighting       | |  4.6

Action                   |  1- 3 |  4- 6 || total
-------------------------+-------+-------++-------
Melee: Falchion          |   152 |     7 ||   159
       Punch             |     1 |       ||     1
Throw: Throwing net      |     2 |     1 ||     3
  Use: Scroll            |     4 |       ||     4
       Potion            |     1 |     1 ||     2
 Stab: Sleeping          |     1 |       ||     1
       Held in net/web   |     4 |       ||     4
Armor: Leather armour    |    42 |     2 ||    44
       Skin              |     4 |       ||     4
Dodge: Dodged            |    89 |     7 ||    96

Table legend: (Time is in decaauts)
 A = Elapsed time spent in this place.
 B = Non-inter-level travel time spent in this place.
 C = Inter-level travel time spent in this place.
 D = Time resting spent in this place.
 E = Time spent auto-exploring this place.
 F = Levels seen in this place.
 G = Mean time per level.
                   A        B        C        D        E       F      G
               +--------+--------+--------+--------+--------+-----+--------+
         Total |   2208 |   2177 |     31 |    397 |   1149 |   4 |  552.0 |
       Dungeon |   2208 |   2177 |     31 |    397 |   1149 |   4 |  552.0 |
               +--------+--------+--------+--------+--------+-----+--------+

Top non-repeatable levels by time:
     D:1: 776 daAuts
     D:2: 712 daAuts
     D:3: 446 daAuts
     D:4: 272 daAuts
